Map: [ESL] Inside and Out

Players

Kelazhur

  • Race: Terran Terran
  • League: Master
  • Spawn Location: 1:00

HeroMarine - Winner!

  • Race: Terran Terran
  • League: Master
  • Spawn Location: 7:00

Event: HomeStory Cup XXII

VOD

Have the link to the VOD?

Description

Time

  • Played on: Dec. 16, 2022, 8 a.m.
  • Length: 8:46

All games in this series

Show
View Real Time Build Order
Export as new Build Order

Kelazhur Terran 

Build Orders:  

Get SALT Encoding   

  12  0:00  SCV  
  13  0:12  SCV  
  14  0:17  Supply Depot  
  14  0:24  SCV  
  15  0:38  SCV  
  15  0:39  Barracks  
  15  0:42  Refinery  
  16  0:50  SCV  
  16  0:52  Refinery  
  17  1:02  SCV  
  18  1:14  SCV  
  20  1:25  Reaper  
  20  1:26  Orbital Command  
  20  1:30  Supply Depot  
  20  1:40  Factory  
  20  1:52  SCV  
  21  1:57  Reaper  
  22  2:04  SCV  
  23  2:15  Command Center  
  23  2:16  SCV  
  24  2:25  Hellion  
  26  2:30  SCV  
  26  2:32  Barracks Reactor  
  26  2:36  Supply Depot  
  27  2:42  SCV  
  28  2:46  Factory Tech Lab  
  28  2:54  SCV  
  29  3:05  Siege Tank  
  29  3:06  SCV  
  29  3:08  Starport  
  29  3:09  Marine x2  
  35  3:18  SCV  
  36  3:27  Refinery, Orbital Command, Marine x2  
  36  3:30  SCV  
  39  3:38  Siege Tank  
  40  3:43  SCV  
  40  3:45  Marine  
  42  3:50  Medivac  
  42  3:53  SCV  
  42  3:55  SCV  
  46  3:59  Supply Depot  
  46  4:00  Marine  
  47  4:03  Marine  
  47  4:05  SCV  
  47  4:07  SCV  
  50  4:12  Cyclone  
  53  4:18  Marine  
  53  4:21  SCV, Marine  
  56  4:25  SCV  
  56  4:28  Starport Tech Lab  
  56  4:34  SCV  
  56  4:35  Marine  
  57  4:38  Marine  
  57  4:40  SCV  
  57  4:42  Supply Depot  
  59  4:46  SCV  
  59  4:52  SCV  
  61  4:53  Marine  
  61  4:56  Marine  
  53  5:03  Siege Tank  
  53  5:05  Raven  
  53  5:07  SCV  
  53  5:08  SCV  
  53  5:11  Command Center, Marine  
  56  5:14  Marine  
  56  5:20  SCV x2  
  59  5:24  Barracks x2  
  59  5:29  Marine  
  59  5:32  SCV x2, Marine  
  59  5:33  Supply Depot  
  59  5:35  Siege Tank  
  66  5:45  SCV x2  
  66  5:48  Raven  
  69  5:57  SCV, Marine x2  
  69  6:02  SCV  
  69  6:07  Siege Tank  
  69  6:09  SCV  
  73  6:14  SCV  
  74  6:21  SCV, Marine x2  
  74  6:23  Barracks Reactor  
  77  6:26  SCV  
  77  6:31  Orbital Command  
  78  6:33  SCV  
  78  6:37  Engineering Bay  
  78  6:38  Engineering Bay, SCV  
  78  6:39  Barracks x2  
  80  6:41  Marine  
  80  6:42  Stimpack, Siege Tank  
  80  6:43  Refinery  
  80  6:45  SCV  
  85  6:50  Barracks Reactor  
  85  6:52  Viking x2  
  88  6:55  Orbital Command  
  88  6:56  SCV  
  88  6:59  SCV  
  88  7:00  Supply Depot, Marine x2  
  92  7:02  Marine  
  93  7:09  Supply Depot  
  93  7:21  Marine  
  93  7:22  SCV x2, Siege Tank  
  99  7:28  Marine x2  
  99  7:29  Barracks Reactor x2  
  101  7:30  Marine  
  101  7:31  Barracks Tech Lab  
  101  7:34  SCV  
  103  7:42  Marine x2  
  105  7:44  Supply Depot  
  105  7:46  Supply Depot, Marine x2  
  107  8:07  Marine x3  
  107  8:11  Medivac x2  
  109  8:13  Supply Depot  
Show
View Real Time Build Order
Export as new Build Order

HeroMarine Terran - Winner!

Build Orders:  

Get SALT Encoding   

  12  0:00  SCV  
  13  0:12  SCV  
  14  0:16  Supply Depot  
  14  0:24  SCV  
  15  0:38  SCV  
  15  0:40  Barracks  
  16  0:44  Refinery  
  16  0:50  SCV  
  16  0:52  Refinery  
  17  1:02  SCV  
  18  1:14  SCV  
  19  1:27  Reaper, Orbital Command  
  19  1:31  Supply Depot  
  20  1:42  Factory  
  20  1:52  SCV  
  21  1:59  Barracks Reactor  
  21  2:05  SCV  
  22  2:17  SCV  
  22  2:21  Command Center  
  23  2:27  Hellion  
  23  2:29  SCV  
  26  2:35  Reaper x2  
  28  2:41  Supply Depot  
  28  2:43  SCV  
  29  2:48  Widow Mine  
  31  2:59  Starport  
  31  3:02  SCV  
  32  3:07  Marine x2  
  32  3:10  Factory Tech Lab  
  34  3:14  SCV  
  35  3:26  SCV  
  36  3:28  Cyclone  
  36  3:33  Orbital Command  
  39  3:35  Refinery  
  39  3:38  Marine  
  39  3:39  SCV, Marine  
  42  3:47  Starport Tech Lab  
  42  3:51  SCV  
  43  3:59  SCV  
  44  4:03  SCV  
  44  4:05  Raven  
  49  4:12  Supply Depot  
  49  4:13  SCV, Siege Tank  
  49  4:15  SCV  
  52  4:27  SCV  
  52  4:28  Command Center, SCV  
  54  4:33  Marine x2  
  54  4:38  Supply Depot  
  56  4:39  SCV  
  56  4:40  SCV  
  56  4:45  Siege Tank  
  61  4:51  Refinery  
  61  4:52  SCV x2  
  59  4:56  Marine  
  59  4:57  Marine  
  60  5:04  SCV  
  60  5:05  Raven  
  63  5:08  SCV  
  64  5:16  SCV  
  64  5:17  Siege Tank  
  64  5:18  Marine x2  
  70  5:29  Supply Depot  
  70  5:39  SCV x2, Barracks  
  70  5:40  Orbital Command  
  70  5:41  Barracks  
  72  5:51  SCV x2  
  72  5:55  Viking  
  72  5:56  Viking, Siege Tank  
  81  6:00  Orbital Command  
  81  6:03  SCV x2  
  82  6:07  Stimpack, Marine  
  81  6:15  SCV x2  
  80  6:23  Supply Depot  
  80  6:24  Marine  
  81  6:28  SCV x2, Siege Tank  
  81  6:30  Viking x2  
  81  6:32  SCV  
  91  6:40  SCV x2  
  91  6:43  Engineering Bay  
  91  6:44  Engineering Bay, SCV, Marine  
  91  6:45  Barracks Reactor  
  91  6:46  Barracks Reactor  
  95  6:49  Supply Depot  
  95  6:52  SCV x2  
  97  6:58  SCV  
  97  7:00  Siege Tank  
  101  7:03  Supply Depot  
  101  7:05  Supply Depot  
  101  7:10  Viking  
  101  7:13  Viking  
  105  7:24  SCV  
  105  7:25  SCV x2  
  106  7:30  Marine x3  
  106  7:31  Marine x2  
  106  7:33  Siege Tank  
  106  7:36  SCV  
  111  7:37  SCV x2  
  110  7:48  Marine  
  110  7:49  SCV x3, Medivac x2  
  118  7:56  Marine  
  118  7:57  Marine  
  118  7:58  Marine x2  
  122  8:01  SCV x3  
  125  8:06  Supply Depot  
  125  8:09  Supply Depot  
  125  8:18  Marine  
  125  8:19  SCV  
  125  8:21  Marine x2  
  125  8:23  SCV x2, Marine x2  
  119  8:31  SCV  
Tags
 
Add a new tag
Caveats
  • Supply blocks, unpowered buildings, or Contaminate may cause inaccurate times.
  • Supply counts are checked every 10 seconds.